 Dungeon Crawl Stone Soup version 0.29-a0-997-gf6f7e2dfe7 (webtiles) character file.

Game seed: 16203535968944838727

70 Sobieck the Chopper (level 4, -6/39 HPs)
             Began as a Naga Warper on Aug 5, 2022.
             Mangled by an ogre
             ... wielding a +0 giant club
              (22 damage)
             ... on level 4 of the Dungeon.
             The game lasted 00:04:11 (3072 turns).

Sobieck the Chopper (Naga Warper)                   Turns: 3072, Time: 00:04:12

Health: -6/39      AC:  5    Str: 15    XL:     4   Next: 22%
Magic:  7/7        EV:  9    Int: 13    God:
Gold:   149        SH:  0    Dex: 17    Spells: 7/7 levels left

rFire   . . .      SeeInvis +   a - +0 hand axe {axe}
rCold   . . .      Faith    .   (no shield)
rNeg    . . .      Spirit   .   s - +0 ring mail {Will+}
rPois   +          Reflect  .   q - +0 helmet
rElec   .          Harm     .   (no cloak)
rCorr   +          Rampage  .   (no gloves)
Will    +....                   (no barding)
Stlth   +.........              (no amulet)
HPRegen 0.13/turn               y - ring of resist corrosion
MPRegen 0.10/turn               C - +6 ring of dexterity

@: very slow
A: AC +1, large, see invisible, deformed body, poison resistance, slowness 2,
spit poison 1, naga tail 1
a: Spit Poison


You were on level 4 of the Dungeon.
You visited 1 branch of the dungeon, and saw 4 of its levels.

You collected 149 gold pieces.


Innate Abilities, Weirdness & Mutations

Your serpentine skin is tough. (AC +1)
You have supernaturally acute eyesight. (SInv)
Armour fits poorly on your strangely shaped body.
Your system is resistant to poisons. (rPois)
You cover ground very slowly.
You can spit poison.
You have a snake-like lower body.


   Skills:
 - Level 2.0 Fighting
 + Level 4.3 Axes
 - Level 0.8 Throwing
 - Level 0.7 Armour
 - Level 1.5 Dodging
 - Level 2.0 Spellcasting
 - Level 3.0 Translocations


You had 7 spell levels left.
You didn't know any spells.
Your spell library contained the following spells:

 Spells                   Type           Power      Damage    Failure   Level
 Blink                    Tloc           18%        N/A       22%         2
 Gell's Gravitas          Tloc           9%         N/A       41%         3
 Lesser Beckoning         Tloc           9%         N/A       41%         3
 Teleport Other           Tloc           9%         N/A       41%         3
 Summon Small Mammal      Summ           4%         N/A       45%         1
 Call Canine Familiar     Summ           1%         N/A       83%         3
 Summon Guardian Golem    Hex/Summ       1%         N/A       83%         3
 Manifold Assault         Tloc           9%         N/A       99%         5

Inventory:

Hand Weapons
 a - a +0 hand axe (weapon) {axe}
 n - a +1 dagger of venom {short}
   (You took it off a goblin on level 2 of the Dungeon)
 u - a +1 whip of venom {mace}
   (You took it off a kobold on level 2 of the Dungeon)
 G - a +2 rapier of protection {short}
   (You found it on level 4 of the Dungeon)
Missiles
 d - 7 boomerangs of dispersal {=f!fthrowing}
 h - 28 stones {throwing}
Armour
 b - a +0 leather armour
 m - a +0 ring mail
   (You found it on level 2 of the Dungeon)
 o - a +0 leather armour
   (You found it on level 2 of the Dungeon)
 q - a +0 helmet (worn)
   (You found it on level 2 of the Dungeon)
 r - a +0 ring mail
   (You found it on level 2 of the Dungeon)
 s - a +0 ring mail of willpower (worn)
   (You found it on level 2 of the Dungeon)
 v - a +0 ring mail
   (You took it off a hobgoblin on level 2 of the Dungeon)
 A - a +0 leather armour
   (You found it on level 3 of the Dungeon)
 D - a +0 ring mail
   (You found it on level 3 of the Dungeon)
 F - a +0 robe
   (You found it on level 3 of the Dungeon)
Jewellery
 y - a ring of resist corrosion (left hand)
   (You found it on level 3 of the Dungeon)
 C - a +6 ring of dexterity (right hand)
   (You found it on level 3 of the Dungeon)
Scrolls
 c - 3 scrolls of blinking {!r}
 f - 7 scrolls of teleportation {unknown}
 g - a scroll of butterflies {unknown}
 j - 4 scrolls of identify {unknown}
 k - 4 scrolls of enchant weapon {unknown}
 l - a scroll of enchant armour {unknown}
 p - a scroll of poison {unknown}
 w - a scroll of vulnerability {unknown}
 B - a scroll of noise {unknown}
Potions
 e - a potion of mutation {unknown}
 i - a potion of invisibility {unknown}
 t - 3 potions of curing {unknown}
 x - a potion of berserk rage {unknown}
 z - 2 potions of flight {unknown}
 E - a potion of haste {unknown}

Dungeon Overview and Level Annotations

Branches:
Dungeon (4/15) Zot: 20093
 Temple: D:4-7

Altars:
Gozag
Okawaru
Trog
Xom

.....###.###.......#
#...........#.##..##
.#.###.O.....##...#
#...........###..#
..............#......##
###.########.##.......#
.. #.##.##.#.## #
#.##.##.#.# #@........#
#O#####.#.# #.# #
#.###.... #<....#
#####.#


You could see an ogre.


Message History

Danger!
The splash of poison hits the goblin.
You kill the goblin!
You have got your breath back.
There is a stone staircase leading down here.
Done exploring.
Done exploring.
There is a stone staircase leading down here.
You climb downwards.
Found 9 gold pieces.
Found a stone staircase leading up.
There is a stone staircase leading up here.
Unknown command.
Unknown command.
An adder comes into view.
The adder hisses angrily.
An orc comes into view. It is wielding a +0 whip.
Danger!
The splash of poison hits the adder.
The adder is poisoned.
The orc shouts!
A hound comes into view.
Unknown command.
There is a stone staircase leading up here.
The adder bites you.
You climb upwards.
You have got your breath back.
There is a stone staircase leading down here.
Unknown command.
You hit the adder.
You kill the adder!
You have reached level 4!
You feel agile.
You climb downwards.
The orc barely misses you. The orc misses you.
There is a stone staircase leading up here.
Danger!
The orc hits you with a +0 whip.
You climb upwards.
There is a stone staircase leading down here.
Unknown command.
You closely miss the orc. The orc closely misses you.
You hit the orc but do no damage. The orc hits you but does no damage.
You closely miss the orc. The orc closely misses you.
You hit the orc.
You kill the orc!
No target in view!
No target in view!
You climb downwards.
There is a stone staircase leading up here.
Danger!
You fail to use your ability.
The worm bites you but does no damage.
You hit the worm. You barely miss the worm. The worm closely misses you.
You hit the worm. The worm bites you.
You hit the worm. You hit the worm. The worm barely misses you.
You hit the worm. The worm bites you.
You hit the worm.
You kill the worm!
No target in view!
You now have 149 gold pieces (gained 9).
There is a stone staircase leading up here.
c - 3 scrolls of blinking {!r} (gained 1)
G - a +2 rapier of protection {short} Unknown command.
Found a shimmering altar of Xom.
Unknown command.
h - 28 stones {throwing} (gained 4)
Found a stone staircase leading down.
Unknown command.
An ogre comes into view. It is wielding a +0 giant club.
The ogre shouts!
The ogre moves out of view.
Danger!
You can't see any hostile targets in range.
Unknown command.
Unknown command.
Unknown command.
Danger!
Danger!
There is a stone staircase leading up here.
Unknown command.
The splash of poison hits the ogre.
The ogre is poisoned.
You climb upwards.
You have got your breath back.
There is a stone staircase leading down here.
Unknown command.
You start waiting.
Done waiting.
You climb downwards.
The ogre hits you with a +0 giant club!!
Ouch! That really hurt!
* * * LOW HITPOINT WARNING * * *
There is a stone staircase leading up, spattered with blood here.
Danger!
Unknown command.
You hit the ogre.
The ogre hits you with a +0 giant club!!
Ouch! That really hurt!
You die...

Skill      XL: |  1  2  3 |
---------------+----------+-----
Axes           | 3 4 |  4.3
Fighting       | |  2.0
Throwing       | |  0.8
Armour         | |  0.7
Dodging        | |  1.5
Spellcasting   | |  2.0
Translocations | |  3.0

Action                   |  1- 3 |  4- 6 || total
-------------------------+-------+-------++-------
Melee: Hand axe          |    57 |    12 ||    69
 Abil: Spit Poison       |    30 |     1 ||    31
Armor: Leather armour    |     7 |       ||     7
       Ring mail         |     4 |     2 ||     6
Dodge: Dodged            |    28 |     6 ||    34

Levels and vault maps discovered:
D:1:      dpeg_arrival_simpleton_c, layout_loops_ring
D:2:      layout_loops_ring, basic_ecumenical_altar, kennysheep_generic_room_15
D:3:      layout_basic, mainiacjoe_overflow_alcove_4,
          nicolae_overflow_two_pavilions, nicolae_concentric_dashed_squares_wild
D:4:      layout_basic, mainiacjoe_overflow_catwalk,
          minmay_temple_entry_steel_oval, nicolae_shop_overcharged_wands,
          uniq_eustachio

Notes
Turn   | Place    | Note
-------+----------+-------------------------------------------
     0 | D:1      | Sobieck the Naga Warper began the quest for the Orb.
     0 | D:1      | Reached XP level 1. HP: 19/19 MP: 3/3
   449 | D:1      | Reached XP level 2. HP: 15/26 MP: 5/5
   668 | D:1      | Reached skill level 3 in Axes
  1017 | D:1      | You pick up a book of Callings and begin reading...
  1017 | D:1      | You add the spells Summon Small Mammal, Call Canine
                  | Familiar and Summon Guardian Golem to your library.
  1173 | D:2      | Found a faded altar of an unknown god.
  1267 | D:2      | Reached XP level 3. HP: 32/32 MP: 6/6
  2037 | D:3      | Reached skill level 4 in Axes
  2573 | D:3      | Found an iron altar of Okawaru.
  2626 | D:3      | Found an opulent altar of Gozag.
  2626 | D:3      | Found a bloodstained altar of Trog.
  2847 | D:3      | Reached XP level 4. HP: 38/39 MP: 7/7
  2931 | D:4      | Found a shimmering altar of Xom.
  2956 | D:4      | Noticed an ogre
  3072 | D:4      | Mangled by an ogre

Vanquished Creatures
  2 adders (D:3)
  2 worms
  2 dart slugs
  An orc (D:3)
  3 bats (D:1)
  4 endoplasms
  3 giant cockroaches
  5 goblins
  2 hobgoblins (D:2)
  3 ball pythons (D:1)
  3 frilled lizards
  6 kobolds
  3 rats
39 creatures vanquished.

Table legend:
 A = Non-vault XP
 B = Vault XP
 C = Vault XP percentage of total XP
 D = Non-vault monster count
 E = Vault monster count
 F = Vault count percentage of total count
                 A         B        C        D         E       F
            +---------+---------+-------+---------+---------+-------
      Total |      99 |       2 |   2.0 |      38 |       1 |   2.6
            +---------+---------+-------+---------+---------+-------
        D:1 |      28 |       0 |   0.0 |      16 |       0 |   0.0
        D:2 |      21 |       2 |   8.7 |      10 |       1 |   9.1
        D:3 |      45 |       0 |   0.0 |      11 |       0 |   0.0
        D:4 |       5 |       0 |   0.0 |       1 |       0 |   0.0
            +---------+---------+-------+---------+---------+-------

Illustrated notes

Table legend:
 A = Kills in this place as a percentage of kills in entire the game.
 B = Kills by you in this place as a percentage of kills by you in the entire game.
 C = Kills by friends in this place as a percentage of kills by friends in the entire game.
 D = Other kills in this place as a percentage of other kills in the entire game.
 E = Experience gained in this place as a percentage of experience gained in the entire game.
 F = Experience gained in this place divided by the number of levels of this place that you have seen.
                   A       B       C       D       E      F
               +-------+-------+-------+-------+-------+----------------------
         Total | 100.0 | 100.0 |   N/A |   N/A | 100.0 |  25.2
       Dungeon | 100.0 | 100.0 |   N/A |   N/A | 100.0 |  25.2
               +-------+-------+-------+-------+-------+----------------------

Table legend: (Time is in decaauts)
 A = Elapsed time spent in this place.
 B = Non-inter-level travel time spent in this place.
 C = Inter-level travel time spent in this place.
 D = Time resting spent in this place.
 E = Time spent auto-exploring this place.
 F = Levels seen in this place.
 G = Mean time per level.
                   A        B        C        D        E       F      G
               +--------+--------+--------+--------+--------+-----+--------+
         Total |   3905 |   3775 |    130 |    428 |   3033 |   4 |  976.2 |
       Dungeon |   3905 |   3775 |    130 |    428 |   3033 |   4 |  976.2 |
               +--------+--------+--------+--------+--------+-----+--------+

Top non-repeatable levels by time:
     D:1: 1359 daAuts
     D:3: 1309 daAuts
     D:2: 1088 daAuts
     D:4: 148 daAuts
